 Dungeon Crawl Stone Soup version 0.28-a0-984-g3775c662fe (webtiles) character file.

Game seed: 15390568357220541721

27 meatgazer the Skirmisher (level 2, -20/25 HPs)
             Began as a Demonspawn Abyssal Knight on Dec 3, 2021.
             Was a Follower of Lugonu.
             Demolished by a tentacled starspawn (23 damage)
             ... on level 1 of the Abyss.
             The game lasted 00:00:40 (194 turns).

meatgazer the Skirmisher (Demonspawn Abyssal Knight) Turns: 194, Time: 00:00:40

Health: -20/25     AC:  3    Str: 13    XL:     2   Next: 93%
Magic:  4/4        EV: 11    Int: 11    God:    Lugonu [*.....]
Gold:   0          SH:  0    Dex: 13    Spells: 1/1 levels left

rFire   . . .      SeeInvis .   a - +1 falchion
rCold   . . .      Faith    .   (no shield)
rNeg    . . .      Spirit   .   b - +0 leather armour
rPois   .          Reflect  .   (no helmet)
rElec   .          Harm     .   (no cloak)
rCorr   .          Rampage  .   (no gloves)
Will    .....                   (no boots)
Stlth   +.........              (no amulet)
HPRegen 0.08/turn               (no ring)
MPRegen 0.09/turn               (no ring)

@: no status effects
A: ignite blood 1
a: Renounce Religion, Depart the Abyss


You were on level 1 of the Abyss.
You worshipped Lugonu.
Lugonu was aware of your devotion.
You visited 0 branches of the dungeon, and saw 0 of its levels.
You visited the Abyss 1 time.

Inventory:

Hand Weapons
 a - a +1 falchion (weapon)
Armour
 b - a +0 leather armour (worn)
Potions
 c - a potion of curing


   Skills:
 + Level 3.7 Fighting
 + Level 2.0 Long Blades
 + Level 2.0 Armour
 + Level 0.9 Dodging
 + Level 2.7 Invocations


You had one spell level left.
You didn't know any spells.
Your spell library contained the following spells:

 Spells                   Type           Power      Damage    Failure   Level
 Foxfire                  Conj/Fire      0%         2x1d4     41%         1
 Conjure Flame            Conj/Fire      0%         6-21      80%         3
 Inner Flame              Hex/Fire       0%         N/A       80%         3
 Flame Wave               Conj/Fire      0%         2d4       99%         4


Dungeon Overview and Level Annotations

Branches:
Dungeon (0/15)

Altars:


Innate Abilities, Weirdness & Mutations

Your demonic aura sometimes causes spilled blood to erupt in flames.


Message History

You feel a little less mighty now.
HP restored.
Found a gateway leading out of the Abyss.
You enter the shallow water.
Moving in this stuff is going to be slow.
A thrashing horror comes into view.
The thrashing horror moves out of view.
You enter the shallow water.
Moving in this stuff is going to be slow.
Why would you want to do that? Why would you want to do that?
You enter the shallow water.
Moving in this stuff is going to be slow.
Why would you want to do that?
c - 2 bubbling ruby potions A tentacled starspawn comes into view.
A tentacle flies out from the starspawn's body!
A starspawn tentacle comes into view.
It was a potion of curing.
You feel better. The starspawn tentacle grabs you.
The starspawn tentacle constricts you.
The starspawn tentacle's grasp on you weakens, but your attempt to escape fails.
The starspawn tentacle loses its grip on you.
The tentacle pulls you backwards!
Found a glowing leather armour.
The starspawn tentacle grabs you. The starspawn tentacle constricts you.
The starspawn tentacle's grasp on you weakens, but your attempt to escape fails.
The starspawn tentacle loses its grip on you.
The tentacle pulls you backwards!
A starspawn tentacle comes into view.
The starspawn tentacle barely misses you.
The starspawn tentacle moves out of view.
Tentacles burst from the starspawn's body! 2 starspawn tentacles come into view.
Found a scroll labelled KOTI WUMOCZUENG.
A lurking horror comes into view.
The tentacled starspawn bites you!
Ouch! That really hurt!
* * * LOW HITPOINT WARNING * * *
The tentacled starspawn tentacle-slaps you!!
Ouch! That really hurt!
You die...

#..##.# . .#.## ..##.
.#.##...## . #..##..
#....##
#.....*.###..##. ###.#
##...##..# #..
#.#...##.####
#.#..#.#........##
#.#..ยง###.X.#X#..#.##
#.#..##..#..@......#
#.#..###...#.###.?.#
.#...#..#.##.# .
.####..#.#.#.#. #.
#.#.##.#. .. .###....
.## #... ## #.##


You could see a tentacled starspawn and a large abomination.

Vanquished Creatures
  An iron imp (Abyss:1)
1 creature vanquished.

Vanquished Creatures (others)
  5 starspawn tentacles (Abyss:1)
5 creatures vanquished.

Grand Total: 6 creatures vanquished

Notes
Turn   | Place    | Note
-------+----------+-------------------------------------------
     0 | Abyss:1  | meatgazer the Demonspawn Abyssal Knight began the quest for
                  | the Orb.
     0 | Abyss:1  | Reached XP level 1. HP: 18/18 MP: 2/2
    40 | Abyss:1  | Noticed an iron imp
    44 | Abyss:1  | Killed an iron imp
    45 | Abyss:1  | Gained mutation: Your demonic aura sometimes causes spilled
                  | blood to erupt in flames. [demonic ancestry]
    45 | Abyss:1  | Reached XP level 2. HP: 21/25 MP: 4/4
    61 | Abyss:1  | Noticed a wretched star
   123 | Abyss:1  | Noticed a thrashing horror
   185 | Abyss:1  | Noticed a tentacled starspawn
   189 | Abyss:1  | Noticed a large abomination
   194 | Abyss:1  | Demolished by a tentacled starspawn

Illustrated notes

Levels and vault maps discovered:
Abyss:1:  base: Temple, base: Temple, evilmike_abyss_exit_3,
          evilmike_abyss_exit_3, small_statue_intersection

Skill      XL: |  1 |
---------------+----+-----
Long Blades    | 2 |  2.0
Armour         | 2 |  2.0
Fighting       | |  3.7
Dodging        | |  0.9
Invocations    | |  2.7

Action                   || total
-------------------------++-------
Melee: Falchion          ||     2
  Use: Potion            ||     2
Dodge: Dodged            ||     1

Table legend: (Time is in decaauts)
 A = Elapsed time spent in this place.
 B = Non-inter-level travel time spent in this place.
 C = Inter-level travel time spent in this place.
 D = Time resting spent in this place.
 E = Time spent auto-exploring this place.
 F = Levels seen in this place.
 G = Mean time per level.
                   A        B        C        D        E       F      G
               +--------+--------+--------+--------+--------+-----+--------+
         Total |    196 |    196 |      0 |      0 |    134 |   1 |  196.0 |
         Abyss |    196 |    196 |      0 |      0 |    134 |   1 |  196.0 |
               +--------+--------+--------+--------+--------+-----+--------+

Top non-repeatable levels by time:
 Abyss:1: 196 daAuts
